 Dungeon Crawl Stone Soup version 0.30-a0-824-g6c64550be9 (webtiles) character file.

Game seed: 6757539255959321647

259 demibob the Cudgeller (level 5, -2/50 HPs)
             Began as a Troll Berserker on Feb 28, 2023.
             Was a Believer of Trog.
             Slain by a black bear (3 damage)
             ... on level 4 of the Dungeon.
             The game lasted 00:02:29 (2112 turns).

demibob the Cudgeller (Troll Berserker)             Turns: 2112, Time: 00:02:29

Health: -2/50      AC:  4    Str: 25    XL:     5   Next: 94%
Magic:  4/4        EV: 10    Int:  5    God:    Trog [**....]
Gold:   195        SH:  0    Dex:  9    Spells: 4/4 levels left

rFire   . . .      SeeInvis .    a - +0 mace
rCold   . . .      Faith    .    (no shield)
rNeg    . . .      Spirit   .    b - +0 animal skin
rPois   +          Reflect  .    (helmet restricted)
rElec   .          Harm     .    (no cloak)
rCorr   +          Rampage  .    (gloves unavailable)
Will    .....                    (boots unavailable)
Stlth   +                        (no amulet)
HPRegen 1.08/turn                P - ring of poison resistance
MPRegen 0.09/turn                R - ring of resist corrosion

@: on berserk cooldown, slowed, very slow
A: large, unfitting armour, claws 3, regeneration 1, shaggy fur 1, tough skin 1
a: Renounce Religion, Berserk, Trog's Hand


You were on level 4 of the Dungeon.
You worshipped Trog.
Trog was pleased with you.
You visited 1 branch of the dungeon, and saw 4 of its levels.

You collected 195 gold pieces.


Innate Abilities, Weirdness & Mutations

You are too large for most types of armour.
You have claws for hands.
Your natural rate of healing is unusually fast.
You are covered in fur. (AC +1)
You have tough skin. (AC +1)


   Skills:
 - Level 2.4 Fighting
 + Level 6.1 Maces & Flails
 - Level 2.4 Dodging


You had 4 spell levels left.
You didn't know any spells.
Your spell library was empty.

Inventory:

Hand Weapons
 a - a +0 mace (weapon)
Armour
 b - a +0 animal skin (worn)
Jewellery
 C - a ring of ice
 P - a ring of poison resistance (left claw)
 R - a ring of resist corrosion (right claw)
Wands
 g - a wand of flame (19)
Scrolls
 e - a scroll of amnesia {unknown}
 f - 3 scrolls of noise
Potions
 d - a potion of lignification {unknown}
 i - a potion of brilliance {unknown}

Dungeon Overview and Level Annotations

Branches:
Dungeon (4/15)             Temple (0/1) D:4

Altars:
Ashenzari

......## #.........#..## ##.
......# #...........#..## #P♣♣
.....## ##............#..# ##P~~
....## #............##..####...P
...## ##...........####..##..<..
..######...........## ##..#.....
.......#..........# #........
######.........og#########..#....
##.........@).....# ##......
##......###h...... .......
##...### ##..... ........ #####
...###....... ..# #####... .# ..#
.


You could see a black bear, a gnoll and an orc.


Message History

The gnoll hits you with a +0 whip.
* * * LOW HITPOINT WARNING * * *
The orc hits you with a +0 hand axe.
* * * LOW HITPOINT WARNING * * *
The black bear bites you.
* * * LOW HITPOINT WARNING * * *
The black bear barely misses you. The black bear claws you.
* * * LOW HITPOINT WARNING * * *
The orc priest barely misses you.
You barely miss the orc priest.
The orc priest is severely wounded.
You closely miss the orc priest.
The orc priest is severely wounded.
The black bear bites you.
* * * LOW HITPOINT WARNING * * *
The black bear barely misses you. The black bear claws you.
* * * LOW HITPOINT WARNING * * *
The orc hits you but does no damage. The gnoll hits you with a +0 whip.
* * * LOW HITPOINT WARNING * * *
The orc priest hits you with a +0 flail.
* * * LOW HITPOINT WARNING * * *
You sock the orc priest!
You kill the orc priest!
Trog accepts your kill.
You are no longer berserk.
You are exhausted.
You feel yourself slow down. The orc hits you but does no damage.
The gnoll closely misses you. The black bear closely misses you.
The black bear claws you.
You die...

Skill      XL: |  1  2  3  4  5 |
---------------+----------------+-----
Maces & Flails | 3 4 5 6 |  6.1
Fighting       | |  2.4
Dodging        | |  2.4

Action                     |  1- 3 |  4- 6 || total
---------------------------+-------+-------++-------
  Melee: Mace              |   153 |    59 ||   212
         Punch             |     1 |       ||     1
 Invoke: Berserk           |       |     2 ||     2
    Use: Scroll            |       |     4 ||     4
         Potion            |       |     2 ||     2
 Armour: Animal skin       |    72 |    26 ||    98
  Dodge: Dodged            |   103 |    54 ||   157

Levels and vault maps discovered:
D:1:      minmay_arrival_open_corners, layout_basic
D:2:      layout_basic, basic_altar
D:3:      layout_loops_cross
D:4:      layout_cave_pods, nicolae_wu_jian_glorious_leap,
          nzn_hepliaklqana_mist_gate, tso_altar,
          minmay_temple_entry_sparse_star, serial_bayou, serial_bayou_pond_a,
          serial_bayou_pond_d, serial_bayou_pond_b, hangedman_minor_gate_pass,
          uniq_robin

Notes
Turn   | Place    | Note
-------+----------+-------------------------------------------
     0 | D:1      | demibob the Troll Berserker began the quest for the Orb.
     0 | D:1      | Reached XP level 1. HP: 22/22 MP: 0/0
    50 | D:1      | Reached skill level 3 in Maces & Flails
   115 | D:1      | Reached XP level 2. HP: 29/29 MP: 1/1
   605 | D:1      | Reached XP level 3. HP: 36/36 MP: 2/2
   673 | D:2      | Reached ** piety under Trog
   686 | D:2      | Found a broken altar of Ashenzari.
   806 | D:2      | Reached skill level 4 in Maces & Flails
  1420 | D:3      | Reached XP level 4. HP: 44/44 MP: 3/3
  1922 | D:4      | Reached skill level 5 in Maces & Flails
  1944 | D:4      | Identified the +10 mace "Rawem" {venom, +Blink rF+}
  1968 | D:4      | Reached XP level 5. HP: 47/50 MP: 4/4
  2009 | D:4      | Found a staircase to the Ecumenical Temple.
  2086 | D:4      | Noticed a black bear
  2089 | D:4      | Noticed a black bear
  2108 | D:4      | Killed a black bear
  2109 | D:4      | Reached skill level 6 in Maces & Flails
  2111 | D:4      | HP: 2/75 [gnoll/+0 whip (6)]
  2112 | D:4      | Slain by a black bear

Vanquished Creatures
  A black bear (D:4)
  2 orc priests (D:4)
  A hound (D:3)
  3 gnolls (D:4)
  An adder (D:2)
  A dart slug (D:1)
  6 orcs
  6 ball pythons
  3 bats
  3 endoplasms
  2 giant cockroaches (D:1)
  8 goblins
  9 hobgoblins
  2 jackals (D:1)
  2 quokkas
  5 frilled lizards
  7 kobolds
  4 rats
66 creatures vanquished.

Table legend: (Time is in decaauts)
 A = Elapsed time spent in this place.
 B = Non-inter-level travel time spent in this place.
 C = Inter-level travel time spent in this place.
 D = Time resting spent in this place.
 E = Time spent auto-exploring this place.
 F = Levels seen in this place.
 G = Mean time per level.
                   A        B        C        D        E       F      G
               +--------+--------+--------+--------+--------+-----+--------+
         Total |   2151 |   2064 |     87 |     21 |   1601 |   4 |  537.8 |
       Dungeon |   2151 |   2064 |     87 |     21 |   1601 |   4 |  537.8 |
               +--------+--------+--------+--------+--------+-----+--------+

Top non-repeatable levels by time:
     D:1: 677 daAuts
     D:2: 644 daAuts
     D:3: 555 daAuts
     D:4: 274 daAuts

Table legend:
 A = Non-vault XP
 B = Vault XP
 C = Vault XP percentage of total XP
 D = Non-vault monster count
 E = Vault monster count
 F = Vault count percentage of total count
                 A         B        C        D         E       F
            +---------+---------+-------+---------+---------+-------
      Total |     242 |     169 |  41.1 |      64 |       2 |   3.0
            +---------+---------+-------+---------+---------+-------
        D:1 |      41 |       0 |   0.0 |      24 |       0 |   0.0
        D:2 |      47 |       0 |   0.0 |      20 |       0 |   0.0
        D:3 |      51 |       0 |   0.0 |       8 |       0 |   0.0
        D:4 |     103 |     169 |  62.1 |      12 |       2 |  14.3
            +---------+---------+-------+---------+---------+-------
